 Dungeon Crawl Stone Soup version 0.28.0-53-g5a82cb258f (webtiles) character file.

Game seed: 14067545103515738084

230984 Peloso the Minotaur Blade (level 19, -3/183 HPs)
             Began as a Minotaur Fighter on July 17, 2022.
             Was the Champion of Okawaru.
             Shot with an arrow by a naga sharpshooter (15 damage)
             ... on level 1 of the Snake Pit.
             The game lasted 01:26:41 (37113 turns).

Peloso the Minotaur Blade (Minotaur Fighter)       Turns: 37113, Time: 01:26:41

Health: -3/183     AC: 36    Str: 26    XL:     19   Next: 13%
Magic:  20/20      EV: 14    Int:  5    God:    Okawaru [******]
Gold:   4191       SH: 17    Dex: 20    Spells: 18/18 levels left

rFire   . . .      SeeInvis +   a - +9 demon blade "Jarereu" {freeze, +Blink}
rCold   . . .      Faith    .   e - +0 kite shield {AC+3}
rNeg    . . .      Spirit   .   q - +8 chain mail of Yphui {rElec Slay+2}
rPois   .          Reflect  .   F - +1 hat {Will+}
rElec   +          Harm     .   h - +0 cloak
rCorr   .          Rampage  .   l - +1 pair of gloves
Will    ++++.                   T - +0 pair of boots "Sulef" {Drain Will++ Dex+3}
Stlth   ..........              P - amulet of Olocs {rElec Regen+ Dex+4}
HPRegen 1.20/turn               C - +4 ring of protection
MPRegen 0.17/turn               W - ring of see invisible

@: lethally poisoned (-3 -> -4), flying, studying Shields
A: horns 2, retaliatory headbutt
a: Renounce Religion, Evoke Blink, Heroism, Finesse, Duel


You were on level 1 of the Snake Pit.
You worshipped Okawaru.
Okawaru was exalted by your worship.
You visited 7 branches of the dungeon, and saw 29 of its levels.
You also visited: Bailey and Ice Cave.

You collected 4477 gold pieces.
You spent 286 gold pieces at shops.

Inventory:

Hand Weapons
 a - the +9 demon blade "Jarereu" (weapon) {freeze, +Blink}
   (Okawaru gifted it to you on level 2 of the Orcish Mines)

   It freezes those it strikes, dealing additional cold damage.
   It can also slow down cold-blooded creatures.
   +Blink:    It lets you blink.
 b - a +4 scimitar of flaming
 c - the +9 scimitar "Teuko" {vorpal, Will+ Dex+3}
   (You took it off a deep elf high priest on level 3 of the Elven Halls)

   It inflicts extra damage upon your enemies.
   Dex:       It affects your dexterity (+3).
   Will:      It increases your willpower.
Armour
 e - a +0 kite shield of protection (worn)
 h - a +0 cloak (worn)
 l - a +1 pair of gloves (worn)
 q - the +8 chain mail of Yphui (worn) {rElec Slay+2}
   (Okawaru gifted it to you on level 3 of the Lair of Beasts)

   Slay:      It affects your accuracy & damage with ranged weapons and melee
   (+2).
   rElec:     It insulates you from electricity.
 F - a +1 hat of willpower (worn)
 T - the +0 pair of boots "Sulef" (worn) {Drain Will++ Dex+3}
   (Okawaru gifted it to you on level 6 of the Lair of Beasts)

   Dex:       It affects your dexterity (+3).
   Drain:     It drains your maximum health when unequipped.
   Will:      It greatly increases your willpower.
Jewellery
 i - a +4 ring of protection
 k - a +6 ring of strength
 r - a ring of fire
 s - the ring of Ituseem {*Corrode rElec rC+ rN++ SInv}
   (You found it in an ice cave)

   [ring of protection from cold]

   rC:        It protects you from cold.
   rElec:     It insulates you from electricity.
   rN:        It greatly protects you from negative energy.
   SInv:      It lets you see invisible.
   *Corrode:  It may corrode you when you take damage.
 t - a ring of ice
 C - a +4 ring of protection (left hand)
 E - a ring of flight
 L - the amulet "Vihil" {Reflect Will+ Str+4 SH+5}
   (You took it off a deep elf zephyrmancer on level 3 of the Elven Halls)

   [amulet of reflection]

   It reflects blocked missile attacks.
   Str:       It affects your strength (+4).
   SH:        It affects your SH (+5).
   Will:      It increases your willpower.
 P - the amulet of Olocs (around neck) {rElec Regen+ Dex+4}
   (You bought it in a shop on level 2 of the Orcish Mines)

   [amulet of regeneration]

   Dex:       It affects your dexterity (+4).
   rElec:     It insulates you from electricity.
   Regen:     It increases your rate of health regeneration.
 W - a ring of see invisible (right hand)
Wands
 f - a wand of paralysis (6)
 B - a wand of digging (1)
Scrolls
 g - 2 scrolls of acquirement
 m - 7 scrolls of immolation
 n - a scroll of holy word
 v - 5 scrolls of blinking
 G - 7 scrolls of magic mapping
 M - 2 scrolls of fear
 V - 13 scrolls of teleportation
Potions
 d - 3 potions of might
 j - a potion of mutation
 o - 6 potions of heal wounds
 p - 12 potions of flight
 A - 5 potions of haste
 H - 9 potions of curing
 N - 3 potions of invisibility
 S - 2 potions of berserk rage
 Y - 3 potions of resistance


   Skills:
 + Level 19.2 Fighting
 + Level 0.4(12.8) Short Blades
 + Level 21.1 Long Blades
 + Level 1.0(1.2) Axes
 + Level 0.5(1.0) Maces & Flails
 + Level 0.5(1.0) Polearms
 + Level 0.5(1.0) Staves
 + Level 0.4(0.7) Slings
 + Level 0.4 Bows
 + Level 0.4 Crossbows
 + Level 0.5(0.6) Throwing
 + Level 17.7 Armour
 + Level 8.4 Dodging
 + Level 2.9 Stealth
 + Level 20.8 Shields
 + Level 0.7 Unarmed Combat
 + Level 0.2 Spellcasting
 + Level 0.2 Conjurations
 + Level 0.2 Hexes
 + Level 0.2 Summonings
 + Level 0.2 Necromancy
 + Level 0.2 Translocations
 + Level 0.2 Transmutations
 + Level 0.2 Fire Magic
 + Level 0.2 Ice Magic
 + Level 0.2 Air Magic
 + Level 0.5 Earth Magic
 + Level 0.2 Poison Magic
 + Level 3.9 Invocations
 + Level 2.1 Evocations


You had 18 spell levels left.
You didn't know any spells.
Your spell library contained the following spells:

 Spells                   Type           Power      Damage    Failure   Level
 Sandblast                Erth           0%         2d4       89%         1
 Beastly Appendage        Tmut           0%         N/A       91%         1
 Magic Dart               Conj           0%         1d3       91%         1
 Shock                    Conj/Air       0%         1d3       91%         1
 Slow                     Hex            0%         N/A       91%         1
 Blink                    Tloc           0%         N/A       97%         2
 Corpse Rot               Necr/Air       0%         N/A       97%         2
 Passwall                 Tmut/Erth      0%         N/A       97%         2
 Searing Ray              Conj           0%         2d4       97%         2
 Static Discharge         Conj/Air       0%         N/A       97%         2
 Wereblood                Tmut           0%         N/A       97%         2
 Stone Arrow              Conj/Erth      0%         3d7       99%         3
 Confusing Touch          Hex            0%         N/A       100%        3
 Gell's Gravitas          Tloc           0%         N/A       100%        3
 Lesser Beckoning         Tloc           0%         N/A       100%        3
 Mephitic Cloud           Conj/Pois/Air  0%         N/A       100%        3
 Portal Projectile        Hex/Tloc       0%         N/A       100%        3
 Spider Form              Tmut/Pois      0%         N/A       100%        3
 Swiftness                Air            0%         N/A       100%        3
 Teleport Other           Tloc           0%         N/A       100%        3
 Vampiric Draining        Necr           0%         2d6       100%        3
 Airstrike                Air            0%         N/A       100%        4
 Cause Fear               Hex            0%         N/A       100%        4
 Dispel Undead            Necr           0%         3d6       100%        4
 Fulminant Prism          Conj/Hex       0%         3d6       100%        4
 Hailstorm                Conj/Ice       0%         3d3       100%        4
 Ice Form                 Ice/Tmut       0%         N/A       100%        4
 Iskenderun's Mystic Bla  Conj/Tloc      0%         2d3       100%        4
 Leda's Liquefaction      Hex/Erth       0%         N/A       100%        4
 Passage of Golubria      Tloc           0%         N/A       100%        4
 Petrify                  Tmut/Erth      0%         N/A       100%        4
 Sticky Flame             Conj/Fire      0%         2d3       100%        4
 Freezing Cloud           Conj/Ice/Air   0%         6-21      100%        5
 Iskenderun's Battlesphe  Conj           0%         2d6       100%        5
 Lee's Rapid Deconstruct  Erth           0%         3d5*      100%        5
 Lightning Bolt           Conj/Air       0%         1d11      100%        5
 Manifold Assault         Tloc           0%         N/A       100%        5
 Silence                  Hex/Air        0%         N/A       100%        5
 Dispersal                Tloc           0%         N/A       100%        6
 Iron Shot                Conj/Erth      0%         9d1       100%        6
 Statue Form              Tmut/Erth      0%         N/A       100%        6
 Dragon Form              Tmut           0%         N/A       100%        7
 Lehudib's Crystal Spear  Conj/Erth      0%         10d2      100%        8
 Fire Storm               Conj/Fire      0%         5d1       100%        9
 Polar Vortex             Ice            0%         N/A       100%        9
 Call Imp                 Summ           Unusable   N/A       N/A         2
 Call Canine Familiar     Summ           Unusable   N/A       N/A         3
 Animate Armour           Summ/Erth      Unusable   N/A       N/A         4
 Summon Lightning Spire   Summ/Air       Unusable   N/A       N/A         4
 Death Channel            Necr           Unusable   N/A       N/A         6
 Simulacrum               Ice/Necr       Unusable   N/A       N/A         6
 Spellforged Servitor     Conj/Summ      Unusable   N/A       N/A         7
 Dragon's Call            Summ           Unusable   N/A       N/A         9

Dungeon Overview and Level Annotations

Branches:
Dungeon (15/15)            Temple (1/1) D:6            Lair (6/6) D:8
  Swamp (1/4) Lair:3        Snake (1/4) Lair:3        Slime (0/5) Lair:6
    Orc (2/2) D:12            Elf (3/3) Orc:2        Vaults (0/5) D:13
 Depths (0/4) D:15         Bailey (visited)           IceCv (visited)

Altars:
Ashenzari
Dithmenos
Hepliaklqana
Nemelex Xobeh
Okawaru
Qazlal
Sif Muna
Trog
Uskayaw
Wu Jian
Yredelemnul
Zin
Beogh

Shops:
D:6 *   D:9 (?!([   D:10 *   Orc:2 !==*   Elf:2 =(:   Snake:1 [[

Portals:
Trove: D:10 (give +4 ice dragon scales)

Annotations:
D:13 Casa
D:15 2 runed translucent doors, Lyniq's ghost, journeyman DrTm
Snake:1 Nikola
Elf:2 3 runed translucent doors


Innate Abilities, Weirdness & Mutations

You have a pair of horns on your head.
You reflexively headbutt those who attack you in melee.


Message History

The sea snake is severely wounded.
You feel sick.
Nikola the Mad Inventor comes into view.
He is wielding a +1 rapier of electrocution.
You block the sea snake's attack.
You hit the sea snake but do no damage. You headbutt the sea snake!
The sea snake is severely wounded.
You feel sick.
The naga sharpshooter spits poison at you.
The splash of poison hits you.
You are more poisoned.
* * * LOW HITPOINT WARNING * * *
The naga sharpshooter gestures wildly while chanting.
The naga sharpshooter magically shoots a bolt.
The bolt hits you but does no damage.
Nikola gestures wildly while chanting.
Lightning arcs from Nikola's hands!
The bolt of lightning hits the naga sharpshooter!!!!
The naga sharpshooter dies!
A bolt of lightning appears from out of thin air!
The bolt of lightning hits Nikola!
The bolt of lightning hits the sea snake!!
The sea snake dies!
The bolt of lightning hits you!! You resist.
* * * LOW HITPOINT WARNING * * *
A bolt of lightning appears from out of thin air!
The bolt of lightning hits the naga sharpshooter!!
The bolt of lightning hits the naga sharpshooter!
The bolt of lightning hits the naga sharpshooter!!
You hear a shout! x2
Blink to where?
Press: ? - help, Dir - move target
As you read the scroll of blinking, it crumbles to dust.
You feel sick.
The naga sharpshooter shoots a bolt.
The bolt barely misses you.
The naga sharpshooter mumbles some strange words.
The naga sharpshooter magically shoots an arrow.
You block the arrow.
The naga sharpshooter gestures wildly while chanting.
The naga sharpshooter magically shoots an arrow.
The arrow hits you!
You die...

#.########..#.#.))#* #
#..........##.###)# ########
#..}.....####.###)###.......
#.....∩.......[.).....####.#
#........####.###.#..#####.#
##.......##...# #.......>.)#
#............######.....<..
#########.....# #####....
***#######@..###########...
*,,.....##...##.......##...
*,,...................##...
*,,...?...............##..#
*,,...........?.......##...
*,,..≈≈≈≈≈≈≈≈≈≈≈≈≈....##...
*,,..≈≈≈≈≈≈≈≈≈≈≈≈≈....##..#
*,,..≈≈)..§)NNNN≈≈..†.##..#
****,..≈≈@#######.≈≈...###...


You could see 4 naga sharpshooters.

Vanquished Creatures
  Jorgrun (D:14)
  A deep elf blademaster (Elf:3)
  A deep elf master archer (Elf:3)
  Gastronok (Lair:2)
  Agnes (Snake:1)
  Roxanne (Elf:1)
  A rockslime (IceCv)
  2 azure jellies (IceCv)
  6 deep elf sorcerers
  A deep elf elementalist (Elf:3)
  Louise (D:15)
  4 quicksilver oozes (IceCv)
  2 dire elephants (Lair:6)
  Nessos (D:13)
  5 deep elf demonologists
  8 deep elf annihilators (Elf:3)
  2 eleionomae (Swamp:1)
  5 deep elf death magi (Elf:3)
  An entropy weaver (shapeshifter) (D:15)
  Fannar (Lair:2)
  A vault guard (D:13)
  2 naga warriors (Snake:1)
  7 deep elf high priests
  15 hydras
  Harold (D:10)
  An ogre mage (D:13)
  3 boulder beetles
  2 catoblepae
  A ghost crab (Swamp:1)
  An anaconda (Snake:1)
  A centaur warrior (D:11)
  An ice dragon (Snake:1)
  The ghost of kalagan the Thaumaturge, a journeyman DECj of Sif Muna (Lair:4)
  9 two-headed ogres
  Erica (D:11)
  3 alligators (Swamp:1)
  4 tengu warriors
  8 death yaks
  18 dancing weapons
  8 orc high priests (Orc:2)
  Urug (Lair:2)
  19 deep elf knights
  5 shock serpents (Snake:1)
  2 naga sharpshooters (Snake:1)
  31 slime creatures
  Nergalle (Lair:2)
  5 skeletal warriors
  2 spectral death yaks (Lair:6)
  A spectral anaconda (Lair:6)
  A goliath frog (Swamp:1)
  A swamp dragon (Swamp:1)
  A sea snake (Snake:1)
  A deep troll (D:15)
  16 deep elf archers
  4 wizards (D:15)
  An orange crystal statue (IceCv)
  A spriggan simulacrum (Snake:1)
  An obsidian statue (Lair:6)
  3 orc knights
  33 deep elf pyromancers
  29 deep elf zephyrmancers
  3 necromancers (Lair:6)
  A mana viper (Snake:1)
  A salamander (Snake:1)
  7 ugly things
  An orc sorcerer (D:15)
  5 manticores
  A moth of wrath (shapeshifter) (Elf:2)
  4 cyclopes
  4 elephants (Lair:6)
  Joseph (D:7)
  A dire elephant zombie (Lair:6)
  A black mamba (shapeshifter) (Elf:1)
  2 guardian serpents (shapeshifter) (D:14)
  12 black mambas
  4 naga magi (Snake:1)
  A gargoyle (D:12)
  A torpor snail (Lair:4)
  2 unseen horrors
  A kobold demonologist (D:11)
  8 rime drakes
  19 cane toads
  A rime drake (shapeshifter) (D:15)
  An efreet (D:11)
  An unseen horror (shapeshifter) (Elf:3)
  2 guardian mummies (D:10)
  4 very ugly thing simulacra (IceCv)
  4 entropy weaver simulacra (IceCv)
  An anaconda simulacrum (Snake:1)
  A komodo dragon (shapeshifter) (D:15)
  3 komodo dragons
  A tengu conjurer (D:13)
  5 trolls
  3 polar bears (Lair:6)
  A hornet (D:10)
  A tyrant leech (Swamp:1)
  A tyrant leech (shapeshifter) (Elf:3)
  2 spectral elephants (Lair:6)
  16 dream sheep
  18 blink frogs
  6 water elementals
  4 air elementals
  A centaur simulacrum (D:13)
  4 wraiths
  A fire elemental (Elf:2)
  33 yaks
  Grum (D:8)
  A wyvern (D:11)
  A basilisk (Lair:6)
  4 dire elephant simulacra
  13 vampire mosquitoes
  A steam dragon (D:6)
  A death yak simulacrum (Lair:6)
  4 swamp worms (Swamp:1)
  11 wargs
  A spectral cane toad (Lair:6)
  4 demonic crawler simulacra (IceCv)
  3 nagas
  2 acid dragons
  9 water moccasins
  An acid dragon (shapeshifter) (D:14)
  3 ugly thing simulacra (IceCv)
  22 orc warriors
  A black bear (D:4)
  An elephant zombie (Lair:6)
  An ice beast (D:6)
  2 sky beasts
  10 wolves
  11 ogres
  3 centaurs
  An elephant skeleton (Lair:6)
  2 kobold brigands
  12 bullfrogs
  2 gnoll sergeants
  An earth elemental (Elf:3)
  A deep troll simulacrum (Snake:1)
  3 scorpions
  A water moccasin skeleton (D:5)
  3 wights (D:8)
  14 killer bees
  An elephant simulacrum (Lair:6)
  2 lindwurm simulacra (Snake:1)
  5 electric eels
  2 centaur zombies
  2 gnoll shamans
  5 hounds
  2 jellies
  30 orc priests
  A bullfrog skeleton (D:5)
  A scorpion zombie (D:5)
  5 iguanas
  15 orc wizards
  A killer bee zombie (D:8)
  A hound skeleton (D:5)
  2 howler monkey zombies
  18 gnolls
  7 adders
  A howler monkey skeleton (D:4)
  A white imp (D:8)
  An adder zombie (D:5)
  A worm (D:2)
  5 dart slugs
  79 orcs
  9 endoplasms
  3 giant cockroaches
  13 goblins
  4 hobgoblins
  8 jackals
  A quokka (D:3)
  5 ball pythons
  5 bats
  3 frilled lizards
  34 kobolds
  5 rats
917 creatures vanquished.

Vanquished Creatures (others)
  A naga sharpshooter (Snake:1)
  A sea snake (Snake:1)
  A deep elf archer (Elf:1)
  3 deep elf pyromancers
  A deep elf zephyrmancer (Elf:2)
  13 fungi
  35 plants
  10 withered plants (Lair:6)
65 creatures vanquished.

Grand Total: 982 creatures vanquished

Notes
Turn   | Place    | Note
-------+----------+-------------------------------------------
     0 | D:1      | Peloso the Minotaur Fighter began the quest for the Orb.
     0 | D:1      | Reached XP level 1. HP: 19/19 MP: 0/0
   458 | D:1      | Reached XP level 2. HP: 27/27 MP: 1/1
   637 | D:1      | Found a faded altar of an unknown god.
   819 | D:1      | Reached XP level 3. HP: 31/33 MP: 2/2
  1341 | D:2      | Identified a scroll of acquirement
  1484 | D:2      | Reached skill level 3 in Long Blades
  1860 | D:2      | Reached XP level 4. HP: 40/40 MP: 3/3
  2899 | D:4      | Noticed a scorpion
  2906 | D:4      | Killed a scorpion
  2907 | D:4      | Reached XP level 5. HP: 43/47 MP: 4/4
  3067 | D:4      | Reached skill level 4 in Long Blades
  3069 | D:4      | Reached skill level 5 in Armour
  3443 | D:4      | Noticed a black bear
  3448 | D:4      | Killed a black bear
  3449 | D:4      | Reached skill level 5 in Shields
  3449 | D:4      | Reached XP level 6. HP: 48/55 MP: 5/5
  3455 | D:4      | Reached skill level 5 in Long Blades
  3532 | D:4      | Reached skill level 5 in Fighting
  3958 | D:4      | Reached skill level 1 in Dodging
  4174 | D:5      | Entered Level 5 of the Dungeon
  4275 | D:5      | Reached skill level 6 in Long Blades
  4275 | D:5      | Reached XP level 7. HP: 59/61 MP: 6/6
  4857 | D:5      | Found a basalt altar of Yredelemnul.
  4985 | D:5      | Reached skill level 7 in Long Blades
  5681 | D:6      | Noticed a steam dragon
  5700 | D:6      | Reached XP level 8. HP: 60/70 MP: 7/7
  6027 | D:6      | Reached skill level 8 in Long Blades
  6210 | D:6      | Found a staircase to the Ecumenical Temple.
  6231 | D:6      | Found Suenweq's Assorted Antiques.
  6274 | Temple   | Entered the Ecumenical Temple
  6354 | Temple   | Became a worshipper of Warmaster Okawaru
  6694 | D:7      | Reached skill level 9 in Long Blades
  7039 | D:7      | Noticed Joseph
  7049 | D:7      | Killed Joseph
  7049 | D:7      | Reached * piety under Okawaru
  7050 | D:7      | Reached XP level 9. HP: 51/78 MP: 8/8
  7253 | D:7      | Found a shadowy altar of Dithmenos.
  7605 | D:7      | Found a hazy altar of Hepliaklqana.
  7650 | D:8      | Noticed Grum
  7666 | D:8      | Reached ** piety under Okawaru
  7671 | D:8      | HP: 2/79 [Grum/-1 halberd (8)]
  7674 | D:8      | Killed Grum
  7684 | D:8      | Reached skill level 10 in Long Blades
  7807 | D:8      | Found a flagged portal.
  7907 | Bailey   | Entered a bailey
  7913 | Bailey   | Noticed an orc knight
  8048 | Bailey   | Reached skill level 1 in Stealth
  8372 | Bailey   | Killed an orc knight
  8376 | Bailey   | Reached *** piety under Okawaru
  8688 | Bailey   | Reached skill level 11 in Long Blades
  8884 | D:8      | Found a staircase to the Lair.
  8906 | D:8      | Reached XP level 10. HP: 76/88 MP: 9/9
  8940 | D:8      | Reached skill level 10 in Armour
  9453 | D:8      | Found a stormy altar of Qazlal.
 10012 | D:9      | Found Vusoco's Antique Weapon Emporium.
 10190 | D:9      | Reached skill level 12 in Long Blades
 10198 | D:9      | Found Acsuni's Distillery.
 10452 | D:9      | Found Hanuczoc's Magic Scroll Emporium.
 10467 | D:9      | Bought a scroll of magic mapping for 45 gold pieces
 10499 | D:9      | Noticed a two-headed ogre
 10528 | D:9      | Killed a two-headed ogre
 10528 | D:9      | Reached **** piety under Okawaru
 10529 | D:9      | Reached skill level 1 in Invocations
 10579 | D:9      | Found Rykhluysh's Weapon Emporium.
 10784 | D:9      | Noticed a green ugly thing
 10795 | D:9      | Killed a green ugly thing
 11003 | D:9      | Found Lirphi Xarch's Antique Armour Shop.
 11191 | D:10     | Entered Level 10 of the Dungeon
 11550 | D:10     | Identified the +0 robe of Moral Flaws {rF+}
 11595 | D:10     | Reached ***** piety under Okawaru
 11598 | D:10     | Noticed Harold
 11609 | D:10     | Killed Harold
 11610 | D:10     | Reached skill level 13 in Long Blades
 11610 | D:10     | Reached XP level 11. HP: 42/97 MP: 7/10
 12048 | D:10     | Found a portal to a secret trove of treasure.
 12338 | D:10     | Received a gift from Okawaru
 12678 | D:10     | Found Ameshreg's Changing Room.
 13116 | D:11     | Noticed a two-headed ogre
 13124 | D:11     | Killed a two-headed ogre
 13541 | D:11     | Noticed Erica
 13544 | D:11     | Killed Erica
 13556 | D:11     | Identified the +7 trident of Terra Cotta {freeze, Dex+3
                  | SInv}
 13569 | D:11     | Noticed a centaur warrior
 13577 | D:11     | Killed a centaur warrior
 13996 | D:11     | Noticed a two-headed ogre
 14007 | D:11     | Killed a two-headed ogre
 14420 | Lair:1   | Entered Level 1 of the Lair of Beasts
 15192 | Lair:2   | Noticed Nergalle
 15203 | Lair:1   | Reached skill level 14 in Long Blades
 15638 | Lair:2   | Killed Nergalle
 15639 | Lair:2   | Noticed a death yak
 15641 | Lair:2   | Noticed a death yak
 15641 | Lair:2   | Noticed a death yak
 15647 | Lair:2   | Noticed a death yak
 15648 | Lair:2   | Noticed a death yak
 15652 | Lair:2   | Noticed a death yak
 15654 | Lair:2   | Noticed Fannar
 15659 | Lair:1   | Killed a death yak
 15667 | Lair:1   | Killed a death yak
 15667 | Lair:1   | Identified the +0 pair of gloves of the Unbroken {Fly}
                  | (Okawaru gifted it to you on level 1 of the Lair of Beasts)
 15667 | Lair:1   | Received a gift from Okawaru
 15668 | Lair:1   | Reached skill level 10 in Fighting
 15678 | Lair:1   | Killed a death yak
 15932 | Lair:1   | Killed a death yak
 15932 | Lair:1   | Reached ****** piety under Okawaru
 15933 | Lair:1   | Reached XP level 12. HP: 45/106 MP: 12/12
 15939 | Lair:1   | Killed a death yak
 15949 | Lair:1   | Killed a death yak
 16299 | Lair:2   | Killed Fannar
 16676 | Lair:2   | Noticed Gastronok
 17359 | Lair:2   | Killed Gastronok
 17360 | Lair:2   | Reached skill level 15 in Long Blades
 17550 | Lair:2   | Noticed Urug
 17560 | Lair:2   | Killed Urug
 17779 | Lair:2   | Noticed a boulder beetle
 17797 | Lair:2   | Killed a boulder beetle
 17923 | Lair:3   | Identified the +8 chain mail of Yphui {rElec Slay+2}
                  | (Okawaru gifted it to you on level 3 of the Lair of Beasts)
 17923 | Lair:3   | Received a gift from Okawaru
 17984 | Lair:3   | Noticed a six-headed hydra
 17990 | Lair:3   | Killed a two-headed hydra
 18062 | Lair:3   | Reached skill level 15 in Armour
 18132 | Lair:3   | Found a staircase to the Snake Pit.
 18263 | Lair:3   | Noticed a six-headed hydra
 18264 | Lair:3   | Found a staircase to the Swamp.
 18268 | Lair:3   | Killed a four-headed hydra
 18511 | Lair:3   | Noticed a boulder beetle
 18528 | Lair:3   | Killed a boulder beetle
 18529 | Lair:3   | Reached XP level 13. HP: 115/118 MP: 11/13
 19042 | Lair:4   | Reached skill level 10 in Shields
 19621 | Lair:4   | You are sucked into a shaft and drop 2 floors!
 19621 | Lair:6   | Entered Level 6 of the Lair of Beasts
 19651 | Lair:6   | Reached skill level 16 in Long Blades
 19653 | Lair:6   | Identified the +0 pair of boots "Sulef" {Drain Will++
                  | Dex+3} (Okawaru gifted it to you on level 6 of the Lair of
                  | Beasts)
 19653 | Lair:6   | Received a gift from Okawaru
 21657 | Lair:4   | Found a runed translucent door.
 21658 | Lair:4   | Noticed kalagan's ghost (journeyman DECj)
 22643 | D:12     | Received a gift from Okawaru
 22926 | D:11     | Reached XP level 14. HP: 98/132 MP: 14/14
 23319 | D:12     | Found a staircase to the Orcish Mines.
 23581 | D:12     | Reached skill level 17 in Long Blades
 23848 | Orc:1    | Entered Level 1 of the Orcish Mines
 24187 | Orc:2    | Entered Level 2 of the Orcish Mines
 24249 | Orc:2    | Found a staircase to the Elven Halls.
 24387 | Orc:2    | Found Qicziku's Assorted Antiques.
 24416 | Orc:2    | Found Deniopla's Jewellery Shoppe.
 24720 | Orc:2    | Bought a fine copper amulet for 115 gold pieces
 24720 | Orc:2    | Identified the amulet of Olocs {rElec Regen+ Dex+4} (You
                  | bought it in a shop on level 2 of the Orcish Mines)
 24828 | Orc:2    | Found Xojob's Distillery.
 24828 | Orc:2    | Found Curgh's Jewellery Boutique.
 24838 | Orc:2    | Identified the +9 demon blade "Jarereu" {freeze, +Blink}
                  | (Okawaru gifted it to you on level 2 of the Orcish Mines)
 24838 | Orc:2    | Received a gift from Okawaru
 24943 | Orc:2    | Bought a potion of berserk rage for 70 gold pieces
 24943 | Orc:2    | Bought a potion of might for 56 gold pieces
 25297 | Orc:2    | Reached skill level 15 in Fighting
 25704 | D:13     | Found a gate to the Vaults.
 25786 | D:13     | Reached skill level 5 in Dodging
 25886 | D:13     | Identified the +1 scale mail of Red Brilliance {Rampage
                  | rF++ Str-3} (Okawaru gifted it to you on level 13 of the
                  | Dungeon)
 25886 | D:13     | Received a gift from Okawaru
 25942 | D:13     | Noticed Nessos
 25963 | D:13     | Killed Nessos
 27254 | D:14     | You fall into a shaft and drop 1 floor!
 27254 | D:15     | Entered Level 15 of the Dungeon
 27271 | D:15     | Noticed Louise
 27290 | D:15     | Killed Louise
 27291 | D:15     | Reached skill level 18 in Long Blades
 27419 | D:15     | Identified the +11 dagger of Laceration {distort, rPois rN+
                  | Dex+3 SInv}
 27448 | D:15     | Found a large runed translucent door.
 27466 | D:15     | Found a large runed translucent door.
 27469 | D:15     | Noticed Lyniq's ghost (journeyman DrTm)
 27551 | D:15     | Reached skill level 1 in Evocations
 27608 | D:15     | Found a staircase to the Depths.
 27615 | D:15     | Reached XP level 15. HP: 128/143 MP: 16/16
 28651 | D:14     | Noticed Jorgrun
 28661 | D:14     | Killed Jorgrun
 29303 | Lair:4   | Killed kalagan's ghost
 29638 | Lair:6   | Identified the +0 robe of Okawaru {Int+4 Dex+4} (Okawaru
                  | gifted it to you on level 6 of the Lair of Beasts)
 29638 | Lair:6   | Received a gift from Okawaru
 29715 | Lair:6   | Found a staircase to the Slime Pits.
 29876 | Lair:6   | Identified the +8 battleaxe of Xamel {protect, rN+}
 30333 | Lair:6   | Reached skill level 15 in Shields
 30951 | Elf:1    | Entered Level 1 of the Elven Halls
 30983 | Elf:1    | Noticed a deep elf sorcerer
 30992 | Elf:1    | Killed a deep elf sorcerer
 31015 | Elf:1    | Reached skill level 19 in Long Blades
 31087 | Elf:1    | Reached XP level 16. HP: 152/152 MP: 17/17
 31094 | Elf:1    | Received a gift from Okawaru
 31283 | Elf:1    | Noticed a Hell Sentinel
 31342 | Elf:1    | Identified Roxanne's Volume of Earth
 31342 | Elf:1    | Noticed Roxanne
 31387 | Elf:1    | Killed Roxanne
 31715 | Elf:1    | Received a gift from Okawaru
 32558 | Elf:2    | Found Xetseit's Book Shoppe.
 32561 | Elf:2    | Noticed a deep elf blademaster
 32571 | Elf:2    | Found a runed translucent gate.
 32571 | Elf:2    | Found a runed translucent gate.
 32571 | Elf:2    | Found a runed translucent gate.
 32604 | Elf:2    | Received a gift from Okawaru
 32684 | Elf:2    | Found Zygam's Jewellery Boutique.
 32813 | Elf:2    | Found Radu's Weapon Shop.
 33144 | Elf:3    | Entered Level 3 of the Elven Halls
 33824 | Elf:3    | Reached XP level 17. HP: 134/163 MP: 18/18
 33944 | Elf:3    | Reached skill level 20 in Long Blades
 34266 | Elf:3    | Received a gift from Okawaru
 34441 | Elf:3    | Identified the +5 scale mail "Hagasorr" {rC+ Str+4}
 34441 | Elf:3    | Noticed a deep elf blademaster
 34459 | Elf:3    | Killed a deep elf blademaster
 34661 | Elf:3    | Noticed a deep elf master archer
 34678 | Elf:3    | Killed a deep elf master archer
 34686 | Elf:3    | Identified the +6 flail of Disintegration {holy, Fragile
                  | rElec rCorr Str+4}
 34714 | Elf:3    | Identified the amulet "Vihil" {Reflect Will+ Str+4 SH+5}
 34714 | Elf:3    | Identified the +5 great sword "Ofa Saki" {freeze, rElec rF+
                  | rC- rN+}
 34742 | Elf:3    | Identified the +9 scimitar "Teuko" {vorpal, Will+ Dex+3}
 34970 | Elf:3    | Identified the +6 hand crossbow of Proximity {elec, Dex+2
                  | SInv}
 34981 | Elf:3    | Got Cerebov's Grimoire of Scorching Conjuration
 35105 | Elf:3    | Identified the +5 arbalest of the Tent {flame, SInv}
 35473 | D:13     | Reached skill level 1 in Axes
 35473 | D:13     | Reached XP level 18. HP: 173/173 MP: 19/19
 35724 | Swamp:1  | Entered Level 1 of the Swamp
 35760 | Swamp:1  | Identified the +0 ring mail "Plog" {rCorr Str+3 Int-3
                  | Dex+7}
 36244 | Snake:1  | Entered Level 1 of the Snake Pit
 36265 | Snake:1  | Found Xemousod's Superior Scales.
 36305 | Snake:1  | Found Lin Voxi's Antique Armour Shop.
 36352 | Snake:1  | Received a gift from Okawaru
 36378 | Snake:1  | Found a frozen archway.
 36440 | IceCv    | Entered an ice cave
 36708 | IceCv    | Reached XP level 19. HP: 74/182 MP: 7/20
 36725 | IceCv    | Found a viscous altar of Jiyva.
 36728 | IceCv    | Reached skill level 21 in Long Blades
 36758 | IceCv    | Identified the +0 ring mail "Fucaicid" {Will+ Slay+2
                  | Stlth+}
 36763 | IceCv    | Got the ring of Ituseem {*Corrode rElec rC+ rN++ SInv}
 36916 | Snake:1  | Noticed Agnes
 36924 | Snake:1  | Killed Agnes
 37111 | Snake:1  | Noticed Nikola
 37113 | Snake:1  | Shot with an arrow by a naga sharpshooter

Illustrated notes

Levels and vault maps discovered:
D:1:      dpeg_arrival_boxes_within_box, layout_basic,
          ebering_ecumenical_altar_hall, minmay_ruptured
D:2:      layout_basic
D:3:      layout_loops_ring
D:4:      layout_loops_corners
D:5:      layout_rooms, mainiacjoe_overflow_alcove_2
D:6:      layout_cave_pools, lemuel_temple_firewalk_b, serial_shops, shop_statue
D:7:      layout_loops_ring, nicolae_dithmenos_shadow_blocks,
          lemuel_coloured_pillars_altar, uniq_joseph
D:8:      layout_loops_ring, grunt_qazlal_sundering, erik_lair_island,
          enter_bailey_2, nicolae_underground_beach, uniq_grum
D:9:      layout_roguey, serial_shops, shop_coins, shop, shop,
          nicolae_shop_overgrown_old_shop, nicolae_shop_bloodbath_and_beyond,
          dk_rats_in_the_wall
D:10:     layout_irregular_city, nicolae_trove_entry_path_of_doom,
          nicolae_transmutations_shop, dk_noncrumbling_2, uniq_harold
D:11:     layout_irregular_city, uniq_erica
D:12:     layout_roguey, david_orc_1_choice
D:13:     layout_grid_maze, david_vaults_5, uniq_nessos
D:14:     layout_basic, serial_bayou_pond_c, chequers_serial_rivers_micro_e,
          uniq_jorgrun
D:15:     hangedman_depths_entry_civil_slaughter, layout_gridville,
          ebering_ghost_disaster_area, drop_trap, minmay_rotating_lava,
          uniq_louise
Temple:   hc_temple_tempest_star
Lair:1:   layout_cave_pods
Lair:2:   layout_cave_shapes, fungi_pond_lemuel, minivault_25,
          chequers_serial_rivers_micro_d, wad_woods_road_05, grunt_megastairs_5,
          uniq_nergalle, uniq_urug, uniq_fannar, uniq_gastronok
Lair:3:   layout_big_grid, minmay_swamp_entry_reptiles,
          guppyfry_snake_entry_garden, minivault_23, nzn_sisyphean_effort,
          infiniplex_staircase_pool_2, serial_bayou_shore_b
Lair:4:   layout_big_grid, ebering_ghost_inner_flame, st_stairs_9,
          grunt_megastairs_1, infiniplex_staircase_pool, lemuel_fruit_tree
Lair:5:   layout_regular_city, minmay_lair_drake_nest
Lair:6:   due_jungle_book, layout_regular_city, nicolae_slime_entry_slimehenge,
          serial_bayou_pond_e, lemuel_old_faithful
Swamp:1:  layout_falls_marsh, nicolae_swamp_decorative_isthmus
Snake:1:  nicolae_snake_shooting_gallery, layout_rooms,
          portal_ice_cave_entry_ice_simulacra, serial_shops, shop,
          hellmonk_scale_shop, uniq_rupert, uniq_nikola, uniq_agnes
Orc:1:    layout_caves
Orc:2:    st_orc_town, layout_caves, dreamdust_deal_with_the_devil
Elf:1:    eino_elf_arrival_shootout, layout_gridlike, hangedman_elf_represent,
          uniq_roxanne
Elf:2:    nicolae_elf_blades_crystal_corner, layout_onion_city, serial_shops,
          nicolae_shop_waterfront, shop, nicolae_shop_waterfront
Elf:3:    minmay_elf_hall_not_hex, layout_loops_ring, nicolae_elf_crossing_hall

Skill      XL: |  1  2  3  4  5  6  7  8  9 10 11 12 13 14 15 16 17 18 19 |
---------------+----------------------------------------------------------+-----
Shields        | 4 5 6 7 9 11 12 15 17 19 20 | 20.8
Armour         | 4 5 6 8 9 11 13 15 16 17 | 17.7
Fighting       | 4 5 6 7 9 10 12 14 15 16 17 18 19 | 19.2
Long Blades    | 3 4 6 7 9 11 13 14 15 16 18 19 20 21 | 21.1
Dodging        | 1 2 3 5 6 7 8 |  8.4
Stealth        | 1 2 |  2.9
Invocations    | 1 2 3 |  3.9
Evocations     | 1 2 |  2.1
Axes           | 1 |  1.0
Short Blades   | |  0.4
Maces & Flails | |  0.5
Polearms       | |  0.5
Staves         | |  0.5
Slings         | |  0.4
Bows           | |  0.4
Crossbows      | |  0.4
Throwing       | |  0.5
Unarmed Combat | |  0.7
Spellcasting   | |  0.2
Conjurations   | |  0.2
Hexes          | |  0.2
Summonings     | |  0.2
Necromancy     | |  0.2
Translocations | |  0.2
Transmutations | |  0.2
Fire Magic     | |  0.2
Ice Magic      | |  0.2
Air Magic      | |  0.2
Earth Magic    | |  0.5
Poison Magic   | |  0.2

Action                   |  1- 3 |  4- 6 |  7- 9 | 10-12 | 13-15 | 16-18 | 19-21 || total
-------------------------+-------+-------+-------+-------+-------+-------+-------++-------
Melee: Long sword        |    76 |   137 |   277 |   261 |       |       |       ||   751
       Headbutt          |     8 |    23 |    58 |   111 |   272 |   186 |    25 ||   683
       Scimitar          |       |       |       |   283 |   547 |       |       ||   830
       Demon blade       |       |       |       |       |   560 |   820 |    60 ||  1440
Invok: Heroism           |       |       |     6 |    14 |    11 |    16 |     2 ||    49
Evoke: Wand              |       |       |       |     5 |    12 |       |       ||    17
  Use: Scroll            |     2 |       |    11 |     8 |     5 |     6 |     1 ||    33
       Potion            |       |     1 |     4 |       |     3 |     1 |     1 ||    10
Armor: Scale mail        |    59 |    26 |       |       |       |       |       ||    85
       Chain mail        |       |    74 |   147 |    32 |   602 |   296 |    44 ||  1195
       Plate armour      |       |       |    23 |   302 |       |       |       ||   325
Dodge: Dodged            |    32 |    44 |   118 |   162 |   373 |   199 |    43 ||   971
Block: Buckler           |    18 |    39 |    76 |   140 |   218 |       |       ||   491
       Tower shield      |       |       |       |       |   432 |   460 |       ||   892
       Kite shield       |       |       |       |       |       |   246 |    88 ||   334
